 Dungeon Crawl Stone Soup version 0.27.1-33-g824d729ab1 (webtiles) character file.

Game seed: 15574963892874708641

177 theEndsummarily the Digger (level 5, -1/38 HPs)
             Began as a Ghoul Earth Elementalist on Dec 7, 2021.
             Slain by an orc wizard (4 damage)
             ... on level 4 of the Dungeon on Dec 8, 2021.
             The game lasted 00:14:27 (4415 turns).

theEndsummarily the Digger (GhEE)                   Turns: 4415, Time: 00:14:28

Health: -1/38      AC:  2    Str: 12    XL:     5   Next: 57%
Magic:  3/7        EV: 12    Int: 11    God:
Gold:   43         SH:  0    Dex:  9    Spells: 5/8 levels left

rFire    . . .     SeeInvis .     - Unarmed
rCold    + . .     Faith    .   (no shield)
rNeg     + + +     Spirit   .   b - +0 robe
rPois    ∞         Reflect  .   (no helmet)
rElec    .         Harm     .   (no cloak)
rCorr    .         Rampage  .   (no gloves)
Will     .....                  (no boots)
Stlth    ++........             (no amulet)
HPRegen  0.00/turn              (no ring)
MPRegen  0.10/turn              (no ring)

@: flying, inhibited regen
A: claws 1, cold resistance 1, negative energy resistance 3, inhibited
regeneration, torment resistance 2
a: no special abilities


You were on level 4 of the Dungeon.
You visited 1 branch of the dungeon, and saw 4 of its levels.

You collected 43 gold pieces.

Inventory:

Hand Weapons
 d - a +0 hand crossbow
Missiles
 c - 8 stones
 f - 4 javelins
 k - 17 poisoned darts
Armour
 b - a +0 robe (worn)
Magical Staves
 a - a staff of earth
Scrolls
 e - 2 scrolls of amnesia
 g - a scroll of noise {unknown}
 h - a scroll of fear {unknown}
 j - a scroll of teleportation
 m - a scroll of identify {unknown}
 n - a scroll of fog
Potions
 i - 2 potions of flight
 l - a potion of resistance {unknown}


   Skills:
 + Level 2.6 Dodging
 + Level 3.2 Stealth
 + Level 1.8 Unarmed Combat
 + Level 2.4 Spellcasting
 + Level 2.0 Transmutations
 + Level 4.1 Earth Magic


You had 5 spell levels left.
You knew the following spells:

 Your Spells              Type           Power      Damage    Failure   Level
a - Sandblast             Erth           20%        2d7       4%          1
b - Passwall              Tmut/Erth      6%         N/A       12%         2

Your spell library contained the following spells:

 Spells                   Type           Power      Damage    Failure   Level
 Sting                    Tmut/Pois      12%        1d3       19%         1
 Freeze                   Ice            4%         1d3       28%         1
 Stone Arrow              Conj/Erth      10%        3d7       34%         3
 Poisonous Vapours        Pois/Air       2%         N/A       38%         2
 Ignite Poison            Fire/Tmut/Pois 2%         N/A       54%         3
 Petrify                  Tmut/Erth      8%         N/A       61%         4
 Frozen Ramparts          Ice            2%         1d2       63%         3
 Mephitic Cloud           Conj/Pois/Air  1%         N/A       63%         3
 Hailstorm                Conj/Ice       1%         3d3       95%         4
 Olgreb's Toxic Radiance  Pois           1%         N/A       95%         4
 Bolt of Magma            Conj/Fire/Erth 2%         4d4       99%         5


Dungeon Overview and Level Annotations

Branches:
Dungeon (4/15)
 Temple: D:4-7

Altars:
Uskayaw
Vehumet

Annotations:
D:4 Dowan


Innate Abilities, Weirdness & Mutations

You thrive by killing the living.
You are immune to poison.
You have sharp fingernails.
Your flesh is cold resistant. (rC+)
You are immune to negative energy. (rN+++)
You do not regenerate when monsters are visible.
You are immune to unholy pain and torment.


Message History

Aim: an orc wizard, wielding a +0 dagger and wearing a +0 robe (74% to hit)
The blast of sand hits the orc wizard but does no damage.
The orc wizard closely misses you.
Aiming: Sandblast (safe; 4% risk of failure)
Press: ? - help, Q - select action, (/) - cycle Shift-Dir - straight line, f/p - orc wizard
Aim: an orc wizard, wielding a +0 dagger and wearing a +0 robe (74% to hit)
The blast of sand misses the orc wizard.
The orc wizard casts a spell at you. You resist with some effort.
Aiming: Sandblast (safe; 4% risk of failure)
Press: ? - help, Q - select action, (/) - cycle Shift-Dir - straight line, f/p - orc wizard
Aim: an orc wizard, wielding a +0 dagger and wearing a +0 robe (74% to hit)
The blast of sand hits the orc wizard.
The orc wizard is moderately wounded.
The orc wizard gestures wildly while chanting.
The orc wizard flickers and vanishes!
Deactivating autopickup; reactivate with Ctrl-A.
You closely miss something. Something hits you.
You barely miss something. Something hits you.
You miss something. You closely miss something.
You hear some strange, mumbled words.
Something tries to affect you, but you resist.
You miss something.
You hear the brisk rusting of a distant drain.
Something hits you.
You miss something. Something hits you.
You miss something. Something hits you.
You closely miss something.
You hear some strange, mumbled words.
A puff of flame appears from out of thin air!
The puff of flame hits you!
* * * LOW HITPOINT WARNING * * *
You miss something.
You hear some strange, mumbled words.
Something tries to affect you, but you resist.
It was a potion of flight.
You feel very buoyant.
You fly up into the air.
Something hits you.
You die...

...8.....# #.._...{..
.. .e ......#.# #..#.#
#.####...#.#.. ......
#./...<#.....# #...#.#
######...#.#.#
#.....## ##.##.#.###
#.....!# #.##.....#
#......####
#.##.@{.†####...#.....
#..................#.#
#.#......#.#.###.#..#.
#.#.(....#.#.# ##<.#[#
#.#>######...# ##.#.#
#....#######.#####.#.#
#..#......##)#...#.#)#
##...####....)...†...#
##.##########...#####


There were no monsters in sight!

Vanquished Creatures
  2 hounds
  Jessica (D:2)
  2 adders
  A worm (D:3)
  2 dart slugs
  3 orcs (D:4)
  5 endoplasms
  7 giant cockroaches
  6 goblins
  5 hobgoblins
  2 jackals (D:2)
  4 kobolds
  A quokka (D:1)
  6 ball pythons
  6 bats
  4 frilled lizards
  4 rats
61 creatures vanquished.

Notes
Turn   | Place    | Note
-------+----------+-------------------------------------------
     0 | D:1      | theEndsummarily the Ghoul Earth Elementalist began the
                  | quest for the Orb.
     0 | D:1      | Reached XP level 1. HP: 14/14 MP: 2/2
   154 | D:1      | Reached skill level 1 in Transmutations
   262 | D:1      | Reached XP level 2. HP: 8/20 MP: 3/3
   576 | D:1      | HP: 1/20 [kobold (3)]
  1628 | D:1      | Found a faded altar of an unknown god.
  1902 | D:2      | Reached XP level 3. HP: 26/26 MP: 1/5
  1966 | D:2      | You fall into a shaft and drop 1 floor!
  2460 | D:2      | Noticed Jessica
  2749 | D:2      | Reached skill level 1 in Unarmed Combat
  3174 | D:2      | Killed Jessica
  3175 | D:2      | Reached XP level 4. HP: 33/33 MP: 4/6
  3468 | D:3      | Reached XP level 5. HP: 20/38 MP: 1/7
  3683 | D:3      | Learned a level 2 spell: Passwall
  3699 | D:3      | Reached skill level 4 in Earth Magic
  4106 | D:4      | Found a radiant altar of Vehumet.
  4106 | D:4      | Found a hide-covered altar of Uskayaw.
  4149 | D:4      | Noticed Dowan
  4415 | D:4      | Slain by an orc wizard

Illustrated notes

Levels and vault maps discovered:
D:1:      onia_arrival_mini_spirals, layout_basic,
          hellmonk_ecumenical_altar_leap_of_faith
D:2:      layout_loops_ring, uniq_jessica
D:3:      layout_rooms
D:4:      layout_loops_ring, chequers_temple_overflow_statue_of_worship,
          minmay_temple_entry_sparse_star, serial_undead, serial_undead_f,
          serial_undead_d, serial_undead_f, serial_undead_d,
          gup_sewer_entry_pipe, kennysheep_generic_room_7, uniq_duvessa

Skill      XL: |  1  2  3  4  5 |
---------------+----------------+-----
Transmutations | 1 2 |  2.0
Dodging        | 2 |  2.6
Spellcasting   | 2 |  2.4
Unarmed Combat | 1 |  1.8
Stealth        | 3 |  3.2
Earth Magic    | 4 |  4.1

Action                   |  1- 3 |  4- 6 || total
-------------------------+-------+-------++-------
Melee: Unarmed           |   147 |    33 ||   180
 Cast: Sandblast         |    29 |    43 ||    72
  Use: Scroll            |     3 |       ||     3
       Potion            |       |     1 ||     1
 Stab: Sleeping          |     4 |       ||     4
Armor: Robe              |    32 |     3 ||    35
Dodge: Dodged            |    87 |    26 ||   113
